 Dungeon Crawl Stone Soup version 0.31-a0-178-g96ec847f19 (webtiles) character file.

Game seed: 4139728999734315861

541 qw the Shooter (level 7, -4/64 HPs)
             Began as a Naga Hunter on June 18, 2023.
             Slain by Pikel
             ... wielding a +2 whip of flaming
              (5 damage)
             ... on level 4 of the Dungeon.
             The game lasted 00:01:07 (2519 turns).

qw the Shooter (Naga Hunter)                        Turns: 2519, Time: 00:01:08

Health: -4/64      AC:  5    Str: 13    XL:     7   Next: 26%
Magic:  7/7        EV: 10    Int:  9    God:
Gold:   0          SH:  0    Dex: 17    Spells: 6/6 levels left

rFire   . . .        Y - +3 shortbow
rCold   + . .        (shield currently unavailable)
rNeg    . . .        k - +2 robe {Will+}
rPois   +            (no helmet)
rElec   .            (no cloak)
rCorr   .            (no gloves)
SInv    +            (no barding)
Will    +....        (no amulet)
Stlth   ++           e - ring of protection from cold
HPRegen 0.30/turn    (no ring)
MPRegen 0.10/turn

%: no passive effects
@: brilliant, about to teleport, short of breath, very slow
A: AC +2, large, see invisible, deformed body, poison resistance, slowness 2,
spit poison 1, naga tail 1
a: Spit Poison


You were on level 4 of the Dungeon.
You visited 1 branch of the dungeon, and saw 4 of its levels.

You collected 103 gold pieces.
You spent 103 gold pieces at shops.


Innate Abilities, Weirdness & Mutations

Your serpentine skin is tough. (AC +2)
You have supernaturally acute eyesight. (SInv)
Armour fits poorly on your strangely shaped body.
Your system is resistant to poisons. (rPois)
You cover ground very slowly.
You can spit poison.
You have a snake-like lower body.


   Skills:
 - Level 4.0 Fighting
 + Level 6.8 Ranged Weapons
 - Level 2.3 Dodging
 - Level 1.5 Stealth


You had 6 spell levels left.
You didn't know any spells.
Your spell library was empty.

Inventory:

Hand Weapons
 Y - a +3 shortbow (weapon)
Armour
 d - a +0 robe of cold resistance
 k - a +2 robe of willpower (worn)
Jewellery
 e - a ring of protection from cold (left hand)
Scrolls
 b - a scroll of teleportation
 i - a scroll of enchant armour
Potions
 a - a potion of curing {unknown}
 f - a potion of cancellation {unknown}
 g - a potion of haste
 j - a potion of lignification {unknown}
 m - a potion of heal wounds {unknown}

Dungeon Overview and Level Annotations

Branches:
Dungeon (4/15)             Temple (0/1) D:4

Altars:
Cheibriados
Dithmenos
Hepliaklqana
Xom
Zin
The Shining One

Shops:
D:4 [

Annotations:
D:4 Pikel


Message History

You have got your breath back.
Pikel barely misses you. The lemure hits you!
2513 ||| INVOKING Spit Poison.
Aiming: Spit Poison (1% risk of failure)
Press: ? - help, Shift-Dir - straight line, f/p - lemure The splash of poison hits the lemure!
The lemure is poisoned.
The lemure is moderately wounded.
The lemure barely misses you.
Pikel hits you with a +2 whip of flaming!
Pikel burns you.
You shoot an arrow. The arrow hits the lemure!
The lemure is severely wounded.
The lemure closely misses you.
Pikel hits you with a +2 whip of flaming.
Pikel burns you.
You shoot an arrow. The arrow barely misses the lemure.
The lemure hits you. Pikel closely misses you.
Pikel hits you but does no damage. The lemure closely misses you.
The lemure hits you.
You shoot an arrow. The arrow hits the lemure.
You kill the lemure!
That felt strangely unrewarding.
You have got your breath back.
Pikel hits you with a +2 whip of flaming!
Pikel burns you. The lemure hits you.
2517 ||| INVOKING Spit Poison.
Aiming: Spit Poison (1% risk of failure)
Press: ? - help, Shift-Dir - straight line, f - Pikel The splash of poison misses Pikel.
Pikel hits you with a +2 whip of flaming.
Pikel burns you. The lemure hits you. The lemure hits you but does no damage.
2518 ||| READING 2 scrolls of teleportation.
As you read the scroll of teleportation, it crumbles to dust.
You feel strangely unstable.
Pikel hits you with a +2 whip of flaming.
Pikel burns you. The lemure misses you. The lemure hits you.
You shoot an arrow. The arrow hits Pikel.
Pikel is lightly wounded.
Pikel hits you with a +2 whip of flaming.
You die...

.... #..###'#####...'.
..... ##..##.....##...#.
......#..........#######
......+......)...# #.
.........!.......+ #.
.....#...##....<# #.
#.......######## #.
..##.#5#..# #.
......K@..# #.
....#.85#...# #.
..#.......#...# #.
#...8.>.8...#.# +.
..#.......#$. # #
.$..#.8.#...##
..#.......###
####.#.#.##


You could see Pikel and 2 lemures.

Vanquished Creatures
  Sigmund (D:3)
  2 lemures (D:4)
  A scorpion (D:4)
  A hound (D:3)
  A gnoll bouda (D:3)
  Jessica (D:3)
  2 orc wizards (D:3)
  3 gnolls (D:3)
  5 adders
  3 worms
  6 dart slugs
  5 orcs (D:3)
  4 ball pythons
  3 bats
  4 endoplasms
  3 giant cockroaches
  15 goblins
  8 hobgoblins
  3 jackals (D:2)
  6 kobolds
  2 quokkas (D:2)
  A frilled lizard (D:1)
  7 rats
87 creatures vanquished.

Notes
Turn   | Place    | Note
-------+----------+-------------------------------------------
     0 | D:1      | qw the Naga Hunter began the quest for the Orb.
     0 | D:1      | Reached XP level 1. HP: 19/19 MP: 1/1
     0 | D:1      | 0 ||| qw: Version: 0.3-a-7-ge0c9b40
     0 | D:1      | 0 ||| qw: Game counter: 860
     0 | D:1      | 0 ||| qw: Always use a shield: true
     0 | D:1      | 0 ||| qw: God list: Okawaru
     0 | D:1      | 0 ||| qw: Allow faded altars: false
     0 | D:1      | 0 ||| qw: Do Orc after D:15 true
     0 | D:1      | 0 ||| qw: Do second Lair branch before Depths: true
     0 | D:1      | 0 ||| qw: Lair rune preference: random
     0 | D:1      | 0 ||| qw: Plans: Normal
     0 | D:1      | 0 ||| PLANNING D:1-11
     8 | D:1      | 8 ||| INVOKING Spit Poison.
    14 | D:1      | 14 ||| INVOKING Spit Poison.
    20 | D:1      | 20 ||| INVOKING Spit Poison.
    30 | D:1      | Reached skill level 4 in Ranged Weapons
    30 | D:1      | Reached XP level 2. HP: 26/26 MP: 2/2
    55 | D:1      | 55 ||| INVOKING Spit Poison.
    74 | D:1      | 74 ||| INVOKING Spit Poison.
    78 | D:1      | 78 ||| Stepping ~*~*~tactically~*~*~ (outnumbered).
    80 | D:1      | 80 ||| Stepping ~*~*~tactically~*~*~ (outnumbered).
    82 | D:1      | 82 ||| INVOKING Spit Poison.
    88 | D:1      | 88 ||| INVOKING Spit Poison.
    91 | D:1      | 91 ||| INVOKING Spit Poison.
   113 | D:1      | 113 ||| INVOKING Spit Poison.
   115 | D:1      | Reached XP level 3. HP: 32/32 MP: 3/3
   209 | D:1      | 209 ||| INVOKING Spit Poison.
   214 | D:1      | 214 ||| INVOKING Spit Poison.
   239 | D:1      | 239 ||| INVOKING Spit Poison.
   240 | D:1      | 240 ||| INVOKING Spit Poison.
   279 | D:1      | 279 ||| INVOKING Spit Poison.
   367 | D:1      | 367 ||| READING 3 scrolls labelled GUNOCW MEIT.
   368 | D:1      | 368 ||| READING 2 scrolls of enchant weapon.
   368 | D:1      | 368 ||| ENCHANTING +1 shortbow.
   369 | D:1      | 369 ||| READING scroll of enchant weapon.
   369 | D:1      | 369 ||| ENCHANTING +2 shortbow.
   370 | D:1      | 370 ||| READING 3 scrolls labelled RENUTO GUAMEO.
   371 | D:1      | 371 ||| DRINKING 2 clear potions.
   372 | D:1      | 372 ||| DROPPING scroll of butterflies.
   373 | D:1      | 373 ||| DROPPING 2 scrolls of noise.
   401 | D:2      | 401 ||| INVOKING Spit Poison.
   486 | D:2      | 486 ||| INVOKING Spit Poison.
   569 | D:2      | 569 ||| INVOKING Spit Poison.
   575 | D:2      | 575 ||| INVOKING Spit Poison.
   595 | D:2      | 595 ||| INVOKING Spit Poison.
   602 | D:2      | 602 ||| INVOKING Spit Poison.
   606 | D:2      | 606 ||| INVOKING Spit Poison.
   608 | D:2      | Reached skill level 5 in Ranged Weapons
   608 | D:2      | Reached XP level 4. HP: 35/39 MP: 4/4
   609 | D:2      | 609 ||| INVOKING Spit Poison.
   610 | D:2      | 610 ||| FLEEEEING.
   614 | D:2      | 614 ||| INVOKING Spit Poison.
   657 | D:2      | 657 ||| INVOKING Spit Poison.
   708 | D:2      | 708 ||| INVOKING Spit Poison.
   720 | D:2      | 720 ||| INVOKING Spit Poison.
   726 | D:2      | 726 ||| INVOKING Spit Poison.
   727 | D:2      | 727 ||| INVOKING Spit Poison.
   731 | D:2      | 731 ||| INVOKING Spit Poison.
   767 | D:2      | 767 ||| INVOKING Spit Poison.
   833 | D:2      | 833 ||| INVOKING Spit Poison.
   847 | D:2      | 847 ||| INVOKING Spit Poison.
  1025 | D:2      | 1025 ||| UPGRADING to ring of protection from cold.
  1026 | D:2      | 1026 ||| READING 2 scrolls labelled WUOPUJ BOAGH.
  1029 | D:2      | 1029 ||| READING scroll labelled ATHRAT NIELE.
  1100 | D:2      | 1100 ||| READING scroll labelled ROUNECA AKLO.
  1134 | D:3      | 1134 ||| INVOKING Spit Poison.
  1152 | D:3      | 1152 ||| INVOKING Spit Poison.
  1158 | D:3      | Reached skill level 3 in Fighting
  1158 | D:3      | Reached XP level 5. HP: 29/49 MP: 5/5
  1231 | D:3      | Noticed Jessica
  1233 | D:3      | 1233 ||| INVOKING Spit Poison.
  1236 | D:3      | 1236 ||| INVOKING Spit Poison.
  1237 | D:3      | Killed Jessica
  1239 | D:3      | 1239 ||| FLEEEEING.
  1240 | D:3      | 1240 ||| INVOKING Spit Poison.
  1269 | D:3      | 1269 ||| INVOKING Spit Poison.
  1273 | D:3      | 1273 ||| INVOKING Spit Poison.
  1311 | D:3      | 1311 ||| INVOKING Spit Poison.
  1315 | D:3      | 1315 ||| INVOKING Spit Poison.
  1318 | D:3      | 1318 ||| INVOKING Spit Poison.
  1373 | D:3      | Found a hazy altar of Hepliaklqana.
  1469 | D:3      | 1469 ||| INVOKING Spit Poison.
  1472 | D:3      | 1472 ||| INVOKING Spit Poison.
  1554 | D:3      | Found a shadowy altar of Dithmenos.
  1556 | D:3      | Found a snail-covered altar of Cheibriados.
  1556 | D:3      | Found a glowing golden altar of the Shining One.
  1563 | D:3      | 1563 ||| INVOKING Spit Poison.
  1566 | D:3      | 1566 ||| Stepping ~*~*~tactically~*~*~ (outnumbered).
  1569 | D:3      | 1569 ||| INVOKING Spit Poison.
  1575 | D:3      | 1575 ||| INVOKING Spit Poison.
  1581 | D:3      | 1581 ||| INVOKING Spit Poison.
  1582 | D:3      | 1582 ||| INVOKING Spit Poison.
  1583 | D:3      | Reached XP level 6. HP: 27/56 MP: 6/6
  1699 | D:3      | 1699 ||| INVOKING Spit Poison.
  1700 | D:3      | Noticed Sigmund
  1705 | D:3      | 1705 ||| INVOKING Spit Poison.
  1711 | D:3      | 1711 ||| INVOKING Spit Poison.
  1711 | D:3      | Killed Sigmund
  1712 | D:3      | Reached skill level 6 in Ranged Weapons
  1838 | D:3      | Found a glowing silver altar of Zin.
  1919 | D:3      | Found a shimmering altar of Xom.
  1939 | D:3      | 1939 ||| INVOKING Spit Poison.
  1973 | D:3      | 1973 ||| INVOKING Spit Poison.
  1979 | D:3      | 1979 ||| INVOKING Spit Poison.
  1984 | D:3      | 1984 ||| INVOKING Spit Poison.
  1988 | D:3      | 1988 ||| INVOKING Spit Poison.
  1989 | D:3      | Reached XP level 7. HP: 27/63 MP: 7/7
  2164 | D:3      | 2164 ||| INVOKING Spit Poison.
  2262 | D:3      | 2262 ||| INVOKING Spit Poison.
  2358 | D:3      | 2358 ||| INVOKING Spit Poison.
  2384 | D:3      | 2384 ||| UPGRADING to +0 robe of cold resistance.
  2394 | D:3      | 2394 ||| READING scroll labelled ANLUKHL DAEFAEMM.
  2395 | D:3      | 2395 ||| READING scroll labelled IGYULA DAL JAD.
  2396 | D:3      | 2396 ||| READING scroll labelled LUIDUOSHUO.
  2397 | D:3      | 2397 ||| DRINKING 2 smoky emerald potions.
  2398 | D:3      | 2398 ||| DROPPING potion of invisibility.
  2412 | D:4      | Found Reosoko's Antique Armour Shoppe.
  2415 | D:4      | 2415 ||| SHOPLISTING dazzling leather armour (196 gold,
                  | have 103).
  2415 | D:4      | 2415 ||| BUYING glowing robe (103 gold).
  2415 | D:4      | Bought a glowing robe for 103 gold pieces
  2415 | D:4      | 2415 ||| SHOPLISTING steaming cloak (266 gold, have 0).
  2434 | D:4      | 2434 ||| INVOKING Spit Poison.
  2480 | D:4      | 2480 ||| INVOKING Spit Poison.
  2488 | D:4      | Found a staircase to the Ecumenical Temple.
  2489 | D:4      | 2489 ||| PLANNING TEMPLE
  2489 | D:4      | 2489 ||| DROPPING +0 leather armour.
  2490 | D:4      | 2490 ||| UPGRADING to +2 robe of willpower.
  2500 | D:4      | 2500 ||| DRINKING 2 bubbling orange potions.
  2501 | D:4      | 2501 ||| DROPPING potion of brilliance.
  2505 | D:4      | Noticed Pikel
  2506 | D:4      | 2506 ||| INVOKING Spit Poison.
  2513 | D:4      | 2513 ||| INVOKING Spit Poison.
  2517 | D:4      | 2517 ||| INVOKING Spit Poison.
  2517 | D:4      | HP: 14/64 [Pikel/+2 whip of flaming (4)]
  2518 | D:4      | 2518 ||| READING 2 scrolls of teleportation.
  2518 | D:4      | HP: 4/64 [Pikel/+2 whip of flaming (4)]
  2518 | D:4      | HP: 1/64 [lemure[Pikel] (2)]
  2519 | D:4      | Slain by Pikel

Levels and vault maps discovered:
D:1:      eino_arrival_druids_welcome, layout_rooms, solitary_fountain
D:2:      layout_loops_cross, minmay_tromino_v2
D:3:      layout_loops_ring, grunt_temple_overflow_open,
          overflow_temple_1_default, lemuel_round_altar, minivault_23,
          kennysheep_pointless_box, uniq_sigmund, uniq_jessica
D:4:      layout_gridville, minmay_temple_entry_sparse_star, serial_shops,
          nicolae_shop_real_fake_doors, nicolae_shop_advertising_works
          [nicolae_subvault_shop_adworks], nicolae_shop_tiny_real_fake_doors,
          shop, uniq_robin, uniq_pikel

Skill      XL: |  1  2  3  4  5  6  7 |
---------------+----------------------+-----
Ranged Weapons | 4 5 6 |  6.8
Fighting       | 3 4 |  4.0
Dodging        | 2 |  2.3
Stealth        | |  1.5

Action                     |  1- 3 |  4- 6 |  7- 9 || total
---------------------------+-------+-------+-------++-------
   Fire: Shortbow          |    58 |    95 |    23 ||   176
Ability: Spit Poison       |    20 |    34 |     8 ||    62
    Use: Scroll            |     4 |     3 |     4 ||    11
         Potion            |     1 |       |     2 ||     3
 Armour: Leather armour    |       |     4 |     1 ||     5
         Robe              |       |       |     2 ||     2
  Dodge: Dodged            |     2 |    15 |     8 ||    25

Table legend:
 A = Non-vault XP
 B = Vault XP
 C = Vault XP percentage of total XP
 D = Non-vault monster count
 E = Vault monster count
 F = Vault count percentage of total count
                 A         B        C        D         E       F
            +---------+---------+-------+---------+---------+-------
      Total |     483 |     290 |  37.5 |      81 |       4 |   4.7
            +---------+---------+-------+---------+---------+-------
        D:1 |      52 |       0 |   0.0 |      23 |       0 |   0.0
        D:2 |      72 |      14 |  16.3 |      30 |       2 |   6.2
        D:3 |     274 |     276 |  50.2 |      26 |       2 |   7.1
        D:4 |      85 |       0 |   0.0 |       2 |       0 |   0.0
            +---------+---------+-------+---------+---------+-------
